 Dungeon Sprint DCSS version 0.23.2-33-g5129a83184 (webtiles) character file.

Game seed: 5606153522306302023

3781 Groucho the Unseen (level 9, -9/39 HPs)
             Began as a Spriggan Enchanter on July 29, 2019.
             Was the Champion of Wu Jian.
             Mangled by a spriggan rider
             ... wielding a +0 spear
              (10 damage)
             ... while petrified by you
             ... in the Dungeon (Sprint VII: "The Pits") on July 30, 2019.
             The game lasted 00:09:18 (2461 turns).

Groucho the Unseen (Spriggan Enchanter)             Turns: 2461, Time: 00:09:18

Health: -9/39      AC:  6    Str:  4    XL:     9   Next: 95%
Magic:  21/25      EV:  4    Int: 19    God:    Wu Jian [******]
Gold:   0          SH:  0    Dex: 20    Spells: 19/31 levels left

rFire    . . .     SeeInvis +   a - +2 dagger
rCold    . . .     Gourm    .   (shield restricted)
rNeg     + + +     Faith    .   b - +0 robe
rPois    ∞         Spirit   .   (helmet restricted)
rElec    .         Reflect  .   s - +0 cloak
rCorr    .         Harm     .   (gloves unavailable)
MR       +....     NoTele   +   (boots unavailable)
Stlth    ++++++++..             (no amulet)
HPRegen  0.13/turn              o - +3 ring of intelligence
MPRegen  0.19/turn              p - +3 ring of protection

@: petrified, very quick
A: very small, unfitting armour, see invisible, herbivore, speed 3, slow
metabolism 2
a: Wall Jump, Serpent's Lash, Heavenly Storm, Renounce Religion


You were in the Dungeon.
You worshipped Wu Jian.
Wu Jian was exalted by your worship.
You were not hungry.

You visited 1 branch

Inventory:

Hand Weapons
 a - a +2 dagger (weapon)
 r - a +2 rapier of draining
Missiles
 n - 9 stones (quivered)
Armour
 b - a +0 robe (worn)
 s - a +0 cloak (worn)
 t - a +0 buckler
Jewellery
 o - a +3 ring of intelligence (left hand)
 p - a +3 ring of protection (right hand)
Wands
 u - a wand of iceblast (6)
Scrolls
 j - a scroll of blinking
 k - 3 scrolls of remove curse
 l - 5 scrolls of amnesia
 m - a scroll of summoning
Potions
 c - 2 potions of invisibility
 e - 5 potions of curing
 f - 11 potions of heal wounds
 g - 2 potions of haste
 h - 2 potions of magic
 i - 3 potions of berserk rage
 q - 3 potions of agility
 v - a potion of flight {unknown}
Comestibles
 d - 9 rations


   Skills:
 + Level 8.0 Short Blades
 * Level 12.2 Dodging
 * Level 19.5 Stealth
 * Level 4.1 Shields
 + Level 11.7 Spellcasting
 * Level 12.7 Hexes


You had 19 spell levels left.
You knew the following spells:

 Your Spells              Type           Power        Failure   Level  Hunger
a - Corona                Hex            ######.      1%          1    None
b - Ensorcelled Hibernat  Hex/Ice        #####.       1%          2    None
c - Confuse               Hex            ######..     1%          3    None
d - Dazzling Spray        Conj/Hex       #####.       1%          3    None
e - Tukima's Dance        Hex            ######..     1%          3    None

Your spell library contained the following spells:

 Spells                   Type           Power        Failure   Level  Hunger


Dungeon Overview and Level Annotations

Branches:
Dungeon (1/1)

Altars:
Ashenzari
Cheibriados
Dithmenos
Elyvilon
Fedhas
Gozag
Hepliaklqana
Kikubaaqudgha
Makhleb
Nemelex Xobeh
Okawaru
Qazlal
Ru
Sif Muna
Trog
Uskayaw
Vehumet
Wu Jian
Xom
Yredelemnul
Zin
The Shining One
Beogh
Jiyva
Lugonu


Innate Abilities, Weirdness & Mutations

You are very small and have problems with some larger weapons.
You are too small for most types of armour.
You have supernaturally acute eyesight. (SInv)
You are a herbivore.
You cover ground extremely quickly.
You need to consume almost no food.


Message History

The spriggan rider closely misses you.
You spin and attack the spriggan rider.
You hit the spriggan rider.
The spriggan rider is lightly wounded.
The spriggan rider is no longer blind.
The vampire mosquito is engulfed in calcifying dust.
The vampire mosquito is moving more slowly.
The catoblepas breathes a plume of calcifying dust at you.
The blast of calcifying dust hits the vampire mosquito.
The blast of calcifying dust hits you.
The vampire mosquito is engulfed in calcifying dust.
The vampire mosquito stops moving altogether!
The spriggan rider hits you from afar with a +0 spear!!
* * * LOW HITPOINT WARNING * * *
The vampire mosquito is engulfed in calcifying dust.
Your limbs are stiffening.
The vampire mosquito is engulfed in calcifying dust. x2
The spriggan rider misses you.
You have turned to stone.
The vampire mosquito is engulfed in calcifying dust. x2
The spriggan rider hits you from afar with a +0 spear!!
You die...

##...<...##..#####...#
##.......##..'..)#.....
##.......##..#...#.. .
##.......##.)#...#.#####..#
###########..#####.+...#..#
###########........#...+..##+##
....#..[.##........#F..#......b
....#..[[###+###...#yy.#......
....'..))##....[@.i#'###...#
....#...)##....#..FY.......#
....#..))##....#..§y§......+
############################


You could see a catoblepas, a spriggan rider, a spiny frog and a vampire
mosquito (petrified).

Vanquished Creatures
  A catoblepas (D)
  A merfolk avatar (D)
  Erica (D)
  A deep troll (D)
  A hornet (D)
  A spriggan (D)
  A fire bat (D)
  Edmund (D)
  2 floating eyes (D)
  A porcupine (D)
  2 ice beasts (D)
  A big kobold (D)
  A bullfrog (D)
  A gnoll shaman (D)
  2 worker ants (D)
  An orc wizard (D)
  An iguana (D)
  An adder (D)
  4 gnolls (D)
  An ooze (D)
  An adder skeleton (D)
  3 orcs (D)
  2 bat skeletons (D)
  A giant cockroach (D)
  A goblin (D)
  2 quokkas (D)
  A ball python (D)
  A bat simulacrum (D)
  A frilled lizard (D)
  A giant cockroach zombie (D)
  A rat (D)
41 creatures vanquished.

Notes
Turn   | Place    | Note
-------+----------+-------------------------------------------
     0 | D        | Groucho the Spriggan Enchanter began the quest for the Orb.
     0 | D        | Reached XP level 1. HP: 9/9 MP: 5/5
    11 | D        | Reached skill level 5 in Stealth
    44 | D        | Found a bloodstained altar of Trog.
    44 | D        | Found a deep blue altar of Sif Muna.
    44 | D        | Found a viscous altar of Jiyva.
    44 | D        | Found a hazy altar of Hepliaklqana.
    44 | D        | Found an opulent altar of Gozag.
    45 | D        | Found a glowing golden altar of the Shining One.
    45 | D        | Found a glowing silver altar of Zin.
    45 | D        | Found a basalt altar of Yredelemnul.
    45 | D        | Found a shimmering altar of Xom.
    45 | D        | Found an ornate altar of the Wu Jian Council.
    45 | D        | Found a sacrificial altar of Ru.
    45 | D        | Found a stormy altar of Qazlal.
    45 | D        | Found an iron altar of Okawaru.
    45 | D        | Found a sparkling altar of Nemelex Xobeh.
    45 | D        | Found a burning altar of Makhleb.
    45 | D        | Found a blossoming altar of Fedhas.
    45 | D        | Found a white marble altar of Elyvilon.
    45 | D        | Found a shadowy altar of Dithmenos.
    45 | D        | Found a snail-covered altar of Cheibriados.
    47 | D        | Found a radiant altar of Vehumet.
    47 | D        | Found a corrupted altar of Lugonu.
    47 | D        | Found a roughly hewn altar of Beogh.
    48 | D        | Found a hide-covered altar of Uskayaw.
    48 | D        | Found an ancient bone altar of Kikubaaqudgha.
    48 | D        | Found a shattered altar of Ashenzari.
    54 | D        | Became a worshipper of the Wu Jian Council
    72 | D        | Reached skill level 6 in Stealth
    80 | D        | Noticed a worker ant
    82 | D        | Reached * piety under Wu Jian
    82 | D        | Reached XP level 2. HP: 13/13 MP: 5/7
    84 | D        | Reached skill level 8 in Stealth
    84 | D        | Reached skill level 5 in Hexes
    84 | D        | Reached XP level 3. HP: 16/16 MP: 6/10
    88 | D        | Learned a level 2 spell: Ensorcelled Hibernation
    92 | D        | Learned a level 3 spell: Confuse
    96 | D        | Learned a level 3 spell: Dazzling Spray
   211 | D        | Noticed a floating eye
   213 | D        | Noticed a floating eye
   218 | D        | Paralysed by a floating eye for 3 turns
   226 | D        | Reached skill level 9 in Stealth
   226 | D        | Reached skill level 5 in Spellcasting
   228 | D        | Killed a floating eye
   228 | D        | Reached ** piety under Wu Jian
   228 | D        | Reached skill level 12 in Stealth
   228 | D        | Reached XP level 4. HP: 16/21 MP: 6/13
   228 | D        | Reached XP level 5. HP: 19/24 MP: 6/15
   494 | D        | Learned a level 3 spell: Tukima's Dance
   502 | D        | Killed a floating eye
   502 | D        | Reached skill level 13 in Stealth
   692 | D        | Reached XP level 6. HP: 28/28 MP: 12/17
   819 | D        | Reached *** piety under Wu Jian
   870 | D        | Reached skill level 14 in Stealth
   879 | D        | Reached **** piety under Wu Jian
   905 | D        | Reached ***** piety under Wu Jian
  1305 | D        | Noticed a porcupine
  1306 | D        | Killed a porcupine
  1306 | D        | Reached skill level 5 in Dodging
  1306 | D        | Reached skill level 15 in Stealth
  1311 | D        | Noticed Edmund
  1313 | D        | Killed Edmund
  1313 | D        | Reached XP level 7. HP: 32/32 MP: 18/20
  1370 | D        | Noticed a merfolk avatar
  1370 | D        | Noticed a hornet
  1381 | D        | Paralysed by a hornet for 1 turns
  1490 | D        | Killed a merfolk avatar
  1490 | D        | Reached ****** piety under Wu Jian
  1490 | D        | Reached skill level 5 in Short Blades
  1490 | D        | Reached skill level 17 in Stealth
  1490 | D        | Reached skill level 10 in Spellcasting
  1490 | D        | Reached skill level 10 in Hexes
  1490 | D        | Reached XP level 8. HP: 36/36 MP: 9/23
  1493 | D        | Killed a hornet
  1981 | D        | Noticed Erica
  1985 | D        | Reached skill level 18 in Stealth
  1992 | D        | Killed Erica
  1992 | D        | Reached skill level 10 in Dodging
  1992 | D        | Reached XP level 9. HP: 39/39 MP: 23/25
  1999 | D        | Noticed a catoblepas
  2001 | D        | Killed a catoblepas
  2001 | D        | Reached skill level 19 in Stealth
  2023 | D        | Noticed a deep troll
  2029 | D        | Killed a deep troll
  2438 | D        | Noticed a catoblepas
  2442 | D        | Noticed a spriggan rider
  2454 | D        | Noticed a spiny frog
  2454 | D        | Noticed a spiny frog
  2459 | D        | HP: 1/39 [spriggan rider/+0 spear (15)]
  2461 | D        | Mangled by a spriggan rider

Skill      XL: |  1  2  3  4  5  6  7  8  9 |
---------------+----------------------------+-----
Stealth        | 6 8 12 13 15 17 18 19 | 19.5
Spellcasting   | 3 4 6 7 9 10 11 | 11.7
Hexes          | 4 5 7 8 9 10 11 12 | 12.7
Short Blades   | 3 5 7 8 |  8.0
Dodging        | 6 8 10 12 | 12.2
Shields        | 2 4 |  4.1

Action                   |  1- 3 |  4- 6 |  7- 9 || total
-------------------------+-------+-------+-------++-------
Melee: Dagger            |     7 |    26 |   117 ||   150
Throw: Stone             |       |     1 |       ||     1
 Cast: Ensorcelled Hiber |     2 |    12 |    10 ||    24
       Confuse           |       |     2 |     7 ||     9
       Dazzling Spray    |       |       |    16 ||    16
Invok: Lunge             |     1 |    10 |     4 ||    15
       Whirlwind         |       |       |     2 ||     2
  Use: Potion            |       |       |     6 ||     6
 Stab: Sleeping          |     7 |    17 |    10 ||    34
       Confused          |       |     1 |     4 ||     5
       Invisible         |       |       |     1 ||     1
Armor: Robe              |       |     3 |       ||     3
Dodge: Dodged            |       |    12 |    26 ||    38
